 Dungeon Crawl Stone Soup version 0.17.0-24-gcfadda4 (webtiles) character file.

3 Gorice the Digger (level 1, 0/13 HPs)
             Began as a Demonspawn Wanderer on Nov 15, 2015.
             Slain by a hobgoblin
             ... wielding a +0 club
              (3 damage)
             ... on level 1 of the Dungeon.
             The game lasted 00:01:16 (106 turns).

Gorice the Digger (Demonspawn Wanderer)              Turns: 106, Time: 00:01:17

Health: 0/13       AC:  2    Str:  9    XL:     1   Next: 41%
Magic:  2/2        EV: 11    Int: 14    God:
Gold:   32         SH:  0    Dex: 14    Spells: 2 memorised, 0 levels left

rFire  . . .     SeeInvis .     e - +0 dagger
rCold  . . .     Clarity  .     d - +0 robe
rNeg   . . .     SustAt   .     (no shield)
rPois  .         Gourm    .     (no helmet)
rElec  .         Spirit   .     (no cloak)
rCorr  .         Warding  .     (no gloves)
rMut   .         Stasis   .     (no boots)
MR     .....                    (no amulet)
Stlth  +.........               (no ring)
                                (no ring)

@: not resistant to hostile enchantments, very unstealthy
A: no striking features
a: no special abilities


You were on level 1 of the Dungeon.
You were not hungry.

You visited 1 branch of the dungeon, and saw 1 of its levels.

You collected 32 gold pieces.

Inventory:

Hand Weapons
 e - a +0 dagger (weapon)
Missiles
 h - 18 sling bullets
Armour
 d - a +0 robe (worn)
Potions
 g - a potion of flight {unknown}
Books
 a - a book of Geomancy
 b - the Tome of Conjuration

   Spells                             Type                      Level
   a - Magic Dart                     Conjuration                  1
   b - Throw Flame                    Conjuration/Fire             2
 Z - the Tome of Stones

   Spells                             Type                      Level
   a - Sandblast                      Earth                        1
   b - Passwall                       Transmutation/Earth          3
Comestibles
 c - 2 chunks of flesh
 f - a bread ration {!e}


   Skills:
 - Level 1.0 Throwing
   Level 1.0 Shields
 + Level 1.0 Spellcasting
 * Level 1.1 Conjurations
   Level 2.6 Transmutations
 * Level 2.9 Earth Magic


You couldn't memorise any spells.
You knew the following spells:

 Your Spells              Type           Power        Failure   Level  Hunger
a - Magic Dart            Conj           #...         21%         1    ##.....
b - Sandblast             Erth           #.....       10%         1    ##.....


Dungeon Overview and Level Annotations

Branches:
Dungeon (1/15)

Altars:


Message History

You hit the bat.
You kill the bat!
The bat hits you.
Damage: 1 (max 1)
You hit the bat.
The bat is severely wounded.
The bat hits you but does no damage. The bat closely misses you.
You closely miss the bat.
The bat is severely wounded.
The bat barely misses you.
You hit the bat.
You kill the bat!
No target in view!
No target in view!
You see here a bat corpse.
You butcher the bat corpse.
c - 2 chunks of flesh (gained 1)
Found a mace.
Found 18 sling bullets.
You see here 18 sling bullets.
h - 18 sling bullets You now have 16 gold pieces (gained 6).
Found 16 arrows.
You now have 32 gold pieces (gained 16).
A bat and a hobgoblin come into view.
The hobgoblin shouts!
The hobgoblin misses you.
You hit the hobgoblin.
The hobgoblin is heavily wounded.
You barely miss the hobgoblin.
The hobgoblin is heavily wounded.
The hobgoblin misses you.
You hit the hobgoblin but do no damage.
The hobgoblin is heavily wounded.
The hobgoblin hits you with a club.
Damage: 5 (max 5)
You barely miss the hobgoblin.
The hobgoblin is heavily wounded.
The hobgoblin hits you with a club.
* * * LOW HITPOINT WARNING * * *
Damage: 5 (max 5)
You are too injured to fight recklessly!
You are too injured to fight recklessly!
You are too injured to fight recklessly!
You are too injured to fight recklessly!
You are too injured to fight recklessly!
You hit the hobgoblin but do no damage.
The hobgoblin is heavily wounded.
The hobgoblin hits you with a club.
You die...

#########
###########........
#...........#######
#.###.....### #.#
#.###.# #.# #.# #.#
#.# #.# #.# #.#
#.###.###
##.###.....@g#
#...##.###..#b.....
#.#.#.#.###.## .....
#.........##. ####
#.#.#.#.#.# #
#(....#..#.#
#.#.#.##..#.#######
#.##.#........).....
.. . ......#.#######


You could see a hobgoblin and a bat.

Vanquished Creatures
  2 bats (D:1)
  2 rats (D:1)
4 creatures vanquished.

Notes
Turn   | Place    | Note
--------------------------------------------------------------
     0 | D:1      | Gorice the Demonspawn Wanderer began the quest for the Orb.
     0 | D:1      | Gorice set off with: a book of Geomancy, the Tome of Conjuration, a +0 robe, a +0 dagger, a bread ration {!e}, the Tome of Stones
     0 | D:1      | Reached XP level 1. HP: 13/13 MP: 2/2
     0 | D:1      | Identified the Tome of Conjuration
     0 | D:1      | Identified the Tome of Stones
     2 | D:1      | Learned a level 1 spell: Magic Dart
     4 | D:1      | Learned a level 1 spell: Sandblast
   105 | D:1      | HP: 3/13 [hobgoblin/club (5)]
   106 | D:1      | Slain by a hobgoblin

Action                   || total
-------------------------++-------
Melee: Dagger            ||    17
 Cast: Magic Dart        ||     2
 Stab: Sleeping          ||     1

Table legend:
 A = Turns spent in this place as a percentage of turns spent in the entire game.
 B = Non-inter-level travel turns spent in this place as a percentage of non-inter-level travel turns spent in the entire game.
 C = Inter-level travel turns spent in this place as a percentage of turns spent in this place.
 D = Turns resting spent in this place as a percentage of non-inter-level travel turns spent in this place.
 E = Turns spent auto-exploring this place as a percentage of non-inter-level travel turns spent in this place.
 F = Non-inter-level travel turns spent in this place divided by the number of levels of this place that you've seen.
                   A       B       C       D       E      F
               +-------+-------+-------+-------+-------+----------------------
         Total | 100.0 | 100.0 |   0.0 |   0.0 |   9.7 |  72.0
       Dungeon | 100.0 | 100.0 |   0.0 |   0.0 |   9.7 |  72.0
               +-------+-------+-------+-------+-------+----------------------

Vault maps used:
D:1:      dpeg_arrival_court, tso_metal_star
